Map: Orbital Shipyard

Players

TTS - Winner!

  • Race: Protoss Protoss
  • League: Platinum

YugoFg

  • Race: Terran Terran
  • League: Platinum

VOD

Have the link to the VOD?

Description

Time

  • Played on: Feb. 23, 2016, 11:02 p.m.
  • Length: 6:04
Show
View Real Time Build Order
Export as new Build Order

TTS Protoss - Winner!

Build Orders: Oracle Opening 

Get SALT Encoding   

  12  0:09  Pylon  
  12  0:16  Probe (Chrono Boost)  
  13  0:27  Gateway  
  13  0:30  Probe (Chrono Boost)  
  14  0:41  Probe (Chrono Boost), Assimilator  
  15  0:51  Probe (Chrono Boost)  
  15  0:53  Assimilator  
  16  1:02  Probe (Chrono Boost)  
  17  1:12  Probe (Chrono Boost)  
  18  1:18  Cybernetics Core  
  18  1:23  Probe (Chrono Boost)  
  19  1:30  Pylon  
  19  1:33  Probe (Chrono Boost)  
  20  1:56  Stargate  
  20  1:58  Adept (Chrono Boost)  
  20  2:01  Warp Gate (Chrono Boost), Probe  
  23  2:13  Probe  
  24  2:25  Pylon  
  24  2:28  Adept  
  26  2:39  Oracle (Chrono Boost)  
  26  2:41  Probe  
  30  3:12  Void Ray (Chrono Boost)  
  32  3:16  Gateway  
  32  3:25  Pylon  
  32  3:26  Gateway  
  32  3:44  Gateway  
  32  3:49  Void Ray (Chrono Boost)  
  36  4:09  Pylon  
  36  4:26  Void Ray (Chrono Boost)  
  40  4:39  Adept  
  40  4:40  Adept x3  
  48  4:46  Pylon  
  48  5:01  Adept x3  
  48  5:07  Adept  
  54  5:22  Adept x2  
  54  5:26  Adept  
  60  5:42  Adept  
  62  5:44  Pylon  
Show
View Real Time Build Order
Export as new Build Order

YugoFg Terran 

Build Orders: 1/1/1 

Get SALT Encoding   

  12  0:01  SCV  
  13  0:13  SCV  
  14  0:18  Supply Depot  
  14  0:25  SCV  
  15  0:40  SCV  
  15  0:41  Barracks  
  16  0:46  Refinery  
  16  0:50  Refinery  
  16  0:54  SCV  
  17  1:06  SCV  
  18  1:18  SCV  
  19  1:29  Marine  
  19  1:30  Orbital Command  
  20  1:33  Factory  
  20  1:46  Supply Depot  
  20  1:47  Marine  
  21  1:57  SCV  
  22  2:04  Marine  
  23  2:10  SCV  
  24  2:19  Factory Tech Lab, Starport  
  24  2:22  SCV  
  25  2:24  Marine  
  25  2:28  Supply Depot  
  26  2:35  SCV  
  27  2:40  Siege Tank  
  30  2:48  SCV  
  31  2:51  Barracks Tech Lab  
  33  3:01  SCV  
  33  3:04  Supply Depot  
  34  3:13  Marine  
  34  3:14  SCV  
  32  3:23  Viking  
  32  3:24  Widow Mine  
  27  3:46  SCV  
  28  3:51  Marine  
  29  3:59  SCV  
  30  4:03  Medivac  
  30  4:04  Widow Mine, Barracks  
  34  4:10  Marine  
  34  4:16  SCV  
  36  4:28  Marine  
  37  4:33  Widow Mine, Command Center  
  39  4:46  Marine  
  29  5:05  Marine  
  30  5:11  SCV  
  30  5:14  Widow Mine  
  33  5:21  Bunker  
  32  5:25  Bunker  
  30  5:42  Marine  
Tags
 
Add a new tag
Caveats
  • Supply blocks, unpowered buildings, or Contaminate may cause inaccurate times.
  • Supply counts are checked every 10 seconds.